 Dungeon Crawl Stone Soup version 0.28-a0-1518-gbe868bca14 (webtiles) character file.

Game seed: 9476540477167927492

0 zazu2006 the Sneak (level 1, 0/15 HPs)
             Began as a Naga Hedge Wizard on Jan 16, 2022.
             Slain by a quokka (4 damage)
             ... on level 1 of the Dungeon.
             The game lasted 00:00:17 (62 turns).

zazu2006 the Sneak (Naga Hedge Wizard)                Turns: 62, Time: 00:00:18

Health: 0/15       AC:  1    Str: 12    XL:     1   Next: 10%
Magic:  1/4        EV:  9    Int: 14    God:
Gold:   0          SH:  0    Dex: 10    Spells: 5/6 levels left

rFire   . . .      SeeInvis +   a - +0 dagger
rCold   . . .      Faith    .   (no shield)
rNeg    . . .      Spirit   .   b - +0 robe
rPois   +          Reflect  .   c - +0 hat
rElec   .          Harm     .   (no cloak)
rCorr   .          Rampage  .   (no gloves)
Will    .....                   (no barding)
Stlth   ++........              (no amulet)
HPRegen 0.05/turn               (no ring)
MPRegen 0.09/turn               (no ring)

@: very slow
A: AC +0, large, see invisible, deformed body, poison resistance, slowness 2,
spit poison 1, naga tail 1
a: Spit Poison


You were on level 1 of the Dungeon.
You visited 1 branch of the dungeon, and saw 1 of its levels.

Inventory:

Hand Weapons
 a - a +0 dagger (weapon)
Armour
 b - a +0 robe (worn)
 c - a +0 hat (worn)


   Skills:
 + Level 1.5 Dodging
 + Level 3.0 Stealth
 + Level 3.0 Spellcasting
 + Level 1.0 Conjurations
 + Level 1.0 Summonings
 + Level 1.0 Translocations


You had 5 spell levels left.
You knew the following spells:

 Your Spells              Type           Power      Damage    Failure   Level
a - Magic Dart            Conj           16%        1d3       14%         1

Your spell library contained the following spells:

 Spells                   Type           Power      Damage    Failure   Level
 Beastly Appendage        Tmut           4%         N/A       22%         1
 Slow                     Hex            8%         N/A       22%         1
 Blink                    Tloc           8%         N/A       22%         2
 Call Imp                 Summ           4%         N/A       22%         2
 Wereblood                Tmut           2%         N/A       32%         2
 Conjure Flame            Conj/Fire      3%         6-21      45%         3
 Mephitic Cloud           Conj/Pois/Air  3%         N/A       50%         3
 Spider Form              Tmut/Pois      2%         N/A       54%         3


Dungeon Overview and Level Annotations

Branches:
Dungeon (1/15)

Altars:

Shops:
D:1 ?


Innate Abilities, Weirdness & Mutations

Your serpentine skin is tough. (AC +0)
You have supernaturally acute eyesight. (SInv)
Armour fits poorly on your strangely shaped body.
Your system is resistant to poisons. (rPois)
You cover ground very slowly.
You can spit poison.
You have a snake-like lower body.


Message History

Aim: a quokka (lightly wounded, 100% to hit)
The magic dart hits the quokka but does no damage.
The quokka is lightly wounded.
Aiming: Spit Poison (3% risk of failure)
Press: ? - help, Shift-Dir - straight line, f/p - quokka
Aim: a quokka (lightly wounded, 38% to hit)
The splash of poison misses the quokka.
Casting: Magic Dart (safe; 14% risk of failure)
Confirm with . or Enter, or press ? or * to list all spells.
Aiming: Magic Dart (safe; 14% risk of failure)
Press: ? - help, Shift-Dir - straight line, f/p - quokka
Aim: a quokka (lightly wounded, 100% to hit)
The magic dart hits the quokka.
The quokka is heavily wounded.
The quokka bites you but does no damage.
You barely miss the quokka.
The quokka is heavily wounded.
The quokka barely misses you.
You hit the quokka.
The quokka is almost dead.
The quokka bites you.
You hit the quokka but do no damage.
The quokka is almost dead.
The quokka bites you.
Your magical contamination has completely faded away.
You closely miss the quokka.
The quokka is almost dead.
The quokka completely misses you.
You closely miss the quokka.
The quokka is almost dead.
You have got your breath back.
The quokka bites you. The quokka barely misses you.
You barely miss the quokka.
The quokka is almost dead.
The quokka bites you.
* * * LOW HITPOINT WARNING * * *
You miss the quokka.
The quokka is almost dead.
The quokka bites you.
You die...

##########
#8...<..8# ..
#≈......≈# #. .
#≈....).§# #. ...
#≈......≈# .## ....
#§§.88..≈# ..# #....
#§§.....≈# #.#..∩...
#§......≈#
####r#......
#§......≈# #...@..#
#8......8# #......#
####''##### #......#
..........# #......#
..######..# #.....>#
..........###....###
.######.........#
...............#
######.........#


You could see a quokka.

Vanquished Creatures
  A rat (D:1)
1 creature vanquished.

Notes
Turn   | Place    | Note
-------+----------+-------------------------------------------
     0 | D:1      | zazu2006 the Naga Hedge Wizard began the quest for the Orb.
     0 | D:1      | Reached XP level 1. HP: 15/15 MP: 4/4
    20 | D:1      | Found Cempexy's Magic Scroll Shop.
    62 | D:1      | Slain by a quokka

Illustrated notes

Levels and vault maps discovered:
D:1:      lightli_arrival_noodles, layout_basic, basic_ecumenical_altar,
          serial_shops, shop, chequers_arboretum

Action                   || total
-------------------------++-------
Melee: Dagger            ||     7
 Cast: Magic Dart        ||     5
 Abil: Spit Poison       ||     1
Armor: Robe              ||     1
Dodge: Dodged            ||     3

Table legend: (Time is in decaauts)
 A = Elapsed time spent in this place.
 B = Non-inter-level travel time spent in this place.
 C = Inter-level travel time spent in this place.
 D = Time resting spent in this place.
 E = Time spent auto-exploring this place.
 F = Levels seen in this place.
 G = Mean time per level.
                   A        B        C        D        E       F      G
               +--------+--------+--------+--------+--------+-----+--------+
         Total |     72 |     72 |      0 |      0 |     54 |   1 |   72.0 |
       Dungeon |     72 |     72 |      0 |      0 |     54 |   1 |   72.0 |
               +--------+--------+--------+--------+--------+-----+--------+

Top non-repeatable levels by time:
     D:1: 72 daAuts
